 Dungeon Crawl Stone Soup version 0.24-a0-516-g9de272bb65 (webtiles) character file.

Game seed: 16837254521676039411

2335 vurker the Firebug (level 9, -7/59 HPs)
             Began as an Octopode Fire Elementalist on July 21, 2019.
             Was a Follower of Vehumet.
             Mangled by a hog (12 damage)
             ... on level 7 of the Dungeon.
             The game lasted 00:15:50 (9726 turns).

vurker the Firebug (Octopode Fire Elementalist)     Turns: 9726, Time: 00:15:50

Health: -7/59      AC:  1    Str:  7    XL:     9   Next: 42%
Magic:  13/17      EV: 13    Int: 25    God:    Vehumet [*.....]
Gold:   394        SH:  0    Dex: 12    Spells: 4/19 levels left

rFire    + . .     SeeInvis .   h - +1 spear
rCold    . . .     Gourm    .   (no shield)
rNeg     . . .     Faith    .   (helmet restricted)
rPois    .         Spirit   .   (no amulet)
rElec    .         Reflect  .   i - ring of protection from fire
rCorr    .         Harm     .   d - +4 ring of intelligence
MR       .....                  (no ring)
Stlth    +++.......             (no ring)
HPRegen  0.19/turn              (no ring)
MPRegen  0.15/turn              (no ring)
                                (no ring)
                                (no ring)

@: about to teleport
A: almost no armour, stealthy swim, amphibious, 8 rings, constrict 8, camouflage
1, gelatinous body 1
a: Renounce Religion


You were on level 7 of the Dungeon.
You worshipped Vehumet.
Vehumet was aware of your devotion.
You were not hungry.

You visited 2 branches of the dungeon, and saw 8 of its levels.

You collected 394 gold pieces.

Inventory:

Hand Weapons
 h - a +1 spear (weapon)
   (You found it on level 2 of the Dungeon)
Jewellery
 d - a +4 ring of intelligence (right tentacle)
   (You found it on level 5 of the Dungeon)
 i - a ring of protection from fire (left tentacle)
   (You found it on level 3 of the Dungeon)
Wands
 o - a wand of polymorph (8)
   (You found it on level 7 of the Dungeon)
 t - a wand of flame (10)
   (You found it on level 6 of the Dungeon)
Scrolls
 a - a scroll of enchant armour
 c - 2 scrolls of magic mapping
 f - a scroll of teleportation {@r4}
 m - a scroll of fear
 n - a scroll of immolation {!r}
 r - 3 scrolls of remove curse {@r2}
Potions
 b - 3 potions of lignification {!q}
 g - a potion of berserk rage {unknown}
 j - 2 potions of heal wounds {unknown}
 k - 3 potions of flight
 l - a potion of haste {@q3}
 p - a potion of magic {unknown}
 q - 5 potions of brilliance
 s - a potion of ambrosia {unknown}
 u - a potion of curing {@q1}
 v - a potion of agility {unknown}
Comestibles
 e - 15 rations {!d}


   Skills:
 + Level 4.7 Fighting
 - Level 2.0 Dodging
 - Level 2.6 Stealth
 + Level 5.6 Spellcasting
 * Level 6.9 Conjurations
 * Level 7.4 Fire Magic


You had 4 spell levels left.
You knew the following spells:

 Your Spells              Type           Power        Failure   Level  Hunger
a - Flame Tongue          Conj/Fire      #####        1%          1    None
b - Throw Flame           Conj/Fire      #####.       1%          2    None
c - Conjure Flame         Conj/Fire      #####...     1%          3    #......
q - Sticky Flame          Conj/Fire      #####...     4%          4    ###....
z - Fireball              Conj/Fire      #####.....   11%         5    #####..

Your spell library contained the following spells:

 Spells                   Type           Power        Failure   Level  Hunger
 Sandblast                Erth           #.....       8%          1    None
 Inner Flame              Hex/Fire       ####....     4%          3    #......
 Confusing Touch          Hex            #.....       8%          1    None
 Confuse                  Hex            #.......     24%         3    #......
 Gell's Gravitas          Tloc           #.........   24%         3    #......
 Petrify                  Tmut/Erth      #.......     61%         4    ###....
 Metabolic Englaciation   Hex/Ice        #.........   91%         5    #####..
 Yara's Violent Unravell  Hex/Tmut       #.........   91%         5    #####..


Dungeon Overview and Level Annotations

Branches:
Dungeon (7/15)             Temple (1/1) D:7

Altars:
Ashenzari
Cheibriados
Dithmenos
Elyvilon
Fedhas
Gozag
Hepliaklqana
Makhleb
Nemelex Xobeh
Qazlal
Ru
Sif Muna
Trog
Vehumet
Wu Jian
Xom
Yredelemnul
Zin
The Shining One


Innate Abilities, Weirdness & Mutations

You cannot wear most types of armour.
You are very stealthy in the water. (Stealth+)
You are amphibious.
You can wear up to eight rings at the same time.
You can use your tentacles to constrict eight enemies at once.
Your skin changes colour to match your surroundings (Stealth+).
Your rubbery body absorbs attacks. (AC +1, EV +1)


Message History

Found a stone staircase leading up.
v - a ruby potion
There is a stone staircase leading up here.
A howler monkey opens the door.
A howler monkey is nearby!
Aim: a howler monkey (hasn't noticed you)
The flame tongue hits the howler monkey.
Aim: a howler monkey (moderately wounded)
The flame tongue hits the howler monkey.
The howler monkey hoots and howls with incredible vigour!
Aim: a howler monkey (heavily wounded, catching its breath)
The flame tongue hits the howler monkey.
The howler monkey hoots and howls with incredible vigour!
Aim: a howler monkey (severely wounded, catching its breath)
The flame tongue hits the howler monkey.
Aim: a howler monkey (almost dead, catching its breath)
The flame tongue hits the howler monkey.
The howler monkey misses you.
Aim: a howler monkey (almost dead, catching its breath)
The flame tongue hits the howler monkey.
You kill the howler monkey!
Vehumet accepts your kill.
You open the door.
There is an open door here.
You open the door. 3 hogs and a human come into view.
Found 5 rations.
There are monsters nearby!
A hog comes into view.
The hog squeals angrily. x3; The human shouts!
There is an open door here.
Aim: a hog The flame tongue hits the hog.
Aim: a hog (lightly wounded)
The flame tongue hits the hog.
Aim: a hog (lightly wounded)
The flame tongue hits the hog.
The hog completely misses you. The hog bites you but does no damage.
Aim: a hog (lightly wounded)
The flame tongue hits the hog.
The hog barely misses you. The hog bites you!
Aim: a hog (moderately wounded)
The flame tongue hits the hog.
The hog bites you. The hog bites you! x2
* * * LOW HITPOINT WARNING * * *
The hog bites you!
* * * LOW HITPOINT WARNING * * *
As you read the scroll of teleportation {@r4}, it crumbles to dust.
You feel strangely unstable. The hog bites you!
* * * LOW HITPOINT WARNING * * *
The hog bites you!
You die...

##### ##### #...## #..#. #.p..#
#.... #h#'## #.... #h#hp#..#
####. ##### ####@#h.#..##### #...
#...# #....#..'..#...# #.#. ###
#...#####....#%.#..#...###.#. ..#
#...#.....>..#%%#..#....##.#.
..###...#..).....#######....#....
........#..##...............#....
...........##............##.#....
...........##............##.#...#
...................#####.........


You could see 2 hogs and a human.

Vanquished Creatures
  Menkaure (D:7)
  Edmund (D:4)
  A water moccasin (D:5)
  A sky beast (D:7)
  A black bear (D:7)
  A phantom (D:5)
  4 ogres
  2 centaurs (D:6)
  A big kobold (D:7)
  3 bullfrogs
  A scorpion (D:5)
  4 wights (D:6)
  2 crimson imps
  2 howler monkeys
  3 hounds
  2 orc priests (D:4)
  A jelly (D:7)
  3 orc wizards
  An iguana (D:6)
  4 worker ants
  A hound zombie (D:5)
  8 adders
  2 oozes
  A worm (D:5)
  4 dart slugs
  5 leopard geckos
  19 orcs
  5 giant cockroaches
  14 goblins
  15 hobgoblins
  5 jackals
  2 quokkas (D:3)
  2 ball pythons (D:4)
  10 bats
  7 frilled lizards
  14 kobolds
  A leopard gecko skeleton (D:4)
  4 rats
158 creatures vanquished.

Notes
Turn   | Place    | Note
-------+----------+-------------------------------------------
     0 | D:1      | vurker the Octopode Fire Elementalist began the quest for
                  | the Orb.
     0 | D:1      | Reached XP level 1. HP: 11/11 MP: 3/3
   581 | D:1      | Reached XP level 2. HP: 17/17 MP: 1/5
   593 | D:1      | Learned a level 2 spell: Throw Flame
  1255 | D:1      | Reached XP level 3. HP: 17/22 MP: 6/6
  1260 | D:1      | Learned a level 3 spell: Conjure Flame
  2008 | D:2      | Reached XP level 4. HP: 21/27 MP: 0/8
  2278 | D:2      | Reached skill level 1 in Fighting
  3270 | D:3      | Found a burning altar of Makhleb.
  3455 | D:3      | Found a sacrificial altar of Ru.
  3566 | D:3      | Reached XP level 5. HP: 31/33 MP: 4/9
  3616 | D:3      | Found a shadowy altar of Dithmenos.
  3761 | D:4      | Noticed an ogre
  4019 | D:4      | Noticed an ogre
  4056 | D:4      | Killed an ogre
  4056 | D:4      | Reached skill level 4 in Fire Magic
  4056 | D:4      | Reached XP level 6. HP: 39/39 MP: 3/11
  4126 | D:4      | Learned a level 4 spell: Sticky Flame
  4367 | D:4      | Noticed Edmund
  4721 | D:4      | Killed Edmund
  4721 | D:4      | Reached XP level 7. HP: 24/45 MP: 1/13
  5380 | D:4      | Reached skill level 5 in Fire Magic
  5625 | D:5      | Entered Level 5 of the Dungeon
  5952 | D:5      | Learned a level 5 spell: Fireball
  6034 | D:5      | Reached XP level 8. HP: 13/52 MP: 5/14
  6295 | D:5      | You fall into a shaft and drop 2 floors!
  6296 | D:7      | Noticed Menkaure
  6297 | D:7      | Killed Menkaure
  6389 | D:7      | Reached skill level 5 in Conjurations
  6598 | D:7      | Reached skill level 6 in Fire Magic
  6739 | D:7      | Reached skill level 5 in Spellcasting
  6833 | D:7      | Found a sparkling altar of Nemelex Xobeh.
  6834 | D:7      | Found a blossoming altar of Fedhas.
  7133 | D:7      | Found a staircase to the Ecumenical Temple.
  7142 | Temple   | Entered the Ecumenical Temple
  7226 | Temple   | Became a worshipper of Vehumet
  8384 | D:6      | Reached XP level 9. HP: 39/58 MP: 5/16
  8612 | D:6      | Reached skill level 7 in Fire Magic
  8819 | D:6      | Found a glowing silver altar of Zin.
  8842 | D:6      | Found a white marble altar of Elyvilon.
  9051 | D:6      | Found a deep blue altar of Sif Muna.
  9236 | D:7      | Reached * piety under Vehumet
  9236 | D:7      | Offered knowledge of Sandblast by Vehumet.
  9726 | D:7      | Mangled by a hog

Levels and vault maps discovered:
D:1:      shiori_arrival_oz, layout_basic, st_stairs_8, roderic_lattice_a
D:2:      layout_basic, first_ration, minmay_crystal_water, minmay_tetromino_t4
D:3:      layout_rooms, bloody_makhleb, grunt_dithmenos_smoke_and_mirrors,
          nicolae_ru_path_of_blood, serial_bayou_pond_a, kennysheep_minor_cross
D:4:      cheibrodos_greedy_goblins, layout_loops_ring, kennysheep_nub,
          hangedman_decor_opposing, uniq_edmund
D:5:      layout_loops_corners
D:6:      layout_rooms, led_sif_pool, gammafunk_temple_overflow_pools
D:7:      layout_basic, nemelex_xobeh_ov_fountains_minmay,
          minmay_temple_entry_antechambers, grunt_livestock, fedhas_altar_1,
          uniq_menkaure
Temple:   chequers_temple_sunken

Skill      XL: |  1  2  3  4  5  6  7  8  9 |
---------------+----------------------------+-----
Conjurations   | 2 3 4 6 |  6.9
Fighting       | 1 2 3 4 |  4.7
Spellcasting   | 3 4 5 |  5.6
Fire Magic     | 4 5 6 7 |  7.4
Dodging        | |  2.0
Stealth        | |  2.6

Action                   |  1- 3 |  4- 6 |  7- 9 || total
-------------------------+-------+-------+-------++-------
Melee: Unarmed           |     7 |       |       ||     7
       Constrict         |    10 |    12 |    11 ||    33
       Dagger            |    18 |       |       ||    18
       Whip              |     6 |       |       ||     6
       Tentacles         |     3 |     3 |     7 ||    13
       Spear             |     8 |    60 |    85 ||   153
 Cast: Flame Tongue      |    36 |    75 |   155 ||   266
       Throw Flame       |     3 |       |    12 ||    15
       Conjure Flame     |       |     3 |     4 ||     7
       Sticky Flame      |       |     3 |     7 ||    10
  Use: Scroll            |       |       |    15 ||    15
       Potion            |       |       |     1 ||     1
 Stab: Sleeping          |     6 |     8 |     4 ||    18
       Distracted        |       |     2 |       ||     2
  Eat: Chunk             |     4 |     8 |    14 ||    26
       Ration            |       |       |     1 ||     1
Armor: Skin              |     4 |    10 |     9 ||    23
Dodge: Dodged            |    23 |    48 |    83 ||   154

Table legend:
 A = Non-vault XP
 B = Vault XP
 C = Vault XP percentage of total XP
 D = Non-vault monster count
 E = Vault monster count
 F = Vault count percentage of total count
                 A         B        C        D         E       F
            +---------+---------+-------+---------+---------+-------
      Total |    2985 |     352 |  10.5 |     140 |      18 |  11.4
            +---------+---------+-------+---------+---------+-------
        D:1 |      40 |       4 |   9.1 |      20 |       3 |  13.0
        D:2 |      65 |       7 |   9.7 |      20 |       4 |  16.7
        D:3 |      60 |       0 |   0.0 |      24 |       0 |   0.0
        D:4 |     520 |     176 |  25.3 |      28 |      10 |  26.3
        D:5 |     660 |       0 |   0.0 |      16 |       0 |   0.0
        D:6 |     667 |       0 |   0.0 |      14 |       0 |   0.0
        D:7 |     973 |     165 |  14.5 |      18 |       1 |   5.3
            +---------+---------+-------+---------+---------+-------
